Unix NetHack Version 5.0.0-0 post-release - last build May 17 2026 04:57:42 (dc50c8380fa5e20985bfe3072449f57b8d9895ef,branch:main).

Game began 2026-05-19 19:58:55, ended 2026-05-19 20:49:33.

Drastanta, lawful female human Knight

   -----
   |<..|                            ------------
   |{...#######                     |.........{|
   ---(-      #                     |..........|
              ### -----------      #|......f@j..#
                # |..........#######-...[....u.|#####
                ##-.........|   ####----|-------   ##
                  |.......`..####       #          ##
                  -----------           #          ##
                                        ###        ###
                                          #         #
                                     -----.---------#
                                     |.............|#
                                     |............[.#
                                     |.............|
                                     |.............|
                                     ---------------

Drastanta the Bachelor   St:17 Dx:9 Co:11 In:8 Wi:15 Ch:18  Lawful
Dlvl:7  $:32 HP:0(50) Pw:48(48) AC:3  Xp:6 T:3323  Burdened

Latest messages:
 You miss the gnome mummy.
 The gnome mummy hits!
 The gnome mummy hits!
 The housecat misses the gnome mummy.
 You hit the gnome mummy!
 The gnome mummy hits!
 The housecat misses the gnome mummy.
 You destroy the gnome mummy!
 You see here a mummy wrapping.
 You see here a scroll of identify.
 You have a little trouble lifting F - a scroll of identify.
 The hobgoblin wields a scimitar!
 The scimitar welds itself to the hobgoblin's hand!
 The hobgoblin swings his scimitar.
 The hobgoblin hits!
 You kill the hobgoblin!
 You swap places with your housecat.
 You swap places with your housecat.
 You feel agile!
 You must have been working on your reflexes.
 You hear some noises in the distance.
 You swap places with your pony.
 You swap places with your pony.
 You swap places with your pony.
 You swap places with your pony.
 What do you want to throw? [$ or ?*] 3
 Count: 3 h
 You can only throw one at a time.
 What do you want to throw? [$ or ?*] h
 In what direction? 3
 The pony catches the carrot.
 Your pony eats an uncursed carrot.
 You stop.  Your pony is in the way!
 You swap places with your housecat.
 You swap places with your pony.
 You swap places with your housecat.
 You swap places with your housecat.
 You see here a mummy wrapping.
 You see here a mummy wrapping.
 You swap places with your pony.
 You miss the blue jelly.
 You are suddenly very cold!
 You miss the blue jelly.
 You hit the blue jelly!
 You are suddenly very cold!
 You miss the blue jelly.
 You are suddenly very cold!
 You die...
 Do you want your possessions identified? [ynq] (y) y
 Do you want to see your attributes? [ynq] (y) q

Inventory:
 Coins    ('$')
  $ - 32 gold pieces
 Weapons  (')')
  a - a very corroded +1 long sword (weapon in left hand)
 Armor    ('[')
  d - an uncursed +0 helmet (being worn)
  f - a blessed +0 pair of leather gloves (being worn)
  e - an uncursed +0 small shield (being worn)
  c - an uncursed +1 ring mail (being worn)
 Comestibles  ('%')
  g - 10 uncursed apples
  h - 9 uncursed carrots
  B - an uncursed food ration
  C - an uncursed tripe ration
 Scrolls  ('?')
  s - a blessed scroll of gold detection
  F - an uncursed scroll of identify
  l - an uncursed scroll of light
  w - an uncursed scroll of magic mapping
  u - an uncursed scroll of scare monster
  z - an uncursed scroll of teleportation
 Spellbooks  ('+')
  D - an uncursed spellbook of confuse monster
  n - an uncursed spellbook of protection
 Potions  ('!')
  r - an uncursed potion of extra healing
  q - an uncursed potion of gain energy
  o - a blessed potion of paralysis
  x - an uncursed potion of sleeping
 Rings    ('=')
  E - an uncursed ring of protection from shape changers
 Wands    ('/')
  v - a wand of lightning (0:6)
  m - a wand of make invisible (0:5)
  t - a wand of secret door detection (0:11)
  y - a wand of undead turning (0:6)
 Tools    ('(')
  p - an expensive camera (0:70)
  j - an uncursed magic whistle
  i - a cursed tinning kit (0:63)

Drastanta the Knight's attributes:

Background:
 You were a Bachelor, a level 6 female human Knight.
 You were lawful, on a mission for Lugh
 who was opposed by Brigit (neutral) and Manannan Mac Lir (chaotic).
 You were left-handed.
 You were in the Dungeons of Doom, on level 7.
 You entered the dungeon 3323 turns ago.
 There was a new moon in effect when your adventure ended.
 You had 358 experience points, 282 more were needed to attain level 7.

Basics:
 You had 0 out of 50 hit points.
 You had all 48 energy points (spell power).
 Your armor class was 3.
 Your wallet contained 32 zorkmids.
 Autopickup was off.

Final Characteristics:
 Your strength was 17 (limit:18/100).
 Your dexterity was 9 (limit:18).
 Your constitution was 11 (limit:18).
 Your intelligence was 8 (limit:18).
 Your wisdom was 15 (limit:18).
 Your charisma was 18 (limit:18).

Final Status:
 You weren't hungry.
 You were burdened; movement was slightly slowed.
 You were wielding a long sword.
 You had basic skill with long sword and could have enhanced that.

Final Attributes:
 You were piously aligned.
 You could jump.
 You were warded.
 You are dead.

Miscellaneous:
 You didn't encounter any bones levels.
 Total elapsed playing time was 40 minutes and 23 seconds.

Major events:
 Turn
    1: Drastanta the lawful female human Knight entered the dungeon
 1403: attained the rank of Esquire (level 3)
 1608: entered the Gnomish Mines
 2986: attained the rank of Bachelor (level 6)
 3323: killed by a blue jelly

You didn't know any spells.

Skills:
 Fighting Skills
   bare handed combat [Unskilled]
   two weapon combat  [Unskilled]
   riding             [Basic]
 Weapon Skills
   dagger             [Unskilled]
   knife              [Unskilled]
   axe                [Unskilled]
   pick-axe           [Unskilled]
   short sword        [Unskilled]
   broadsword         [Unskilled]
   long sword         [Basic]
   two-handed sword   [Unskilled]
   saber              [Unskilled]
   club               [Unskilled]
   mace               [Unskilled]
   morning star       [Unskilled]
   flail              [Unskilled]
   hammer             [Unskilled]
   polearms           [Unskilled]
   spear              [Unskilled]
   trident            [Unskilled]
   lance              [Basic]
   bow                [Unskilled]
   crossbow           [Unskilled]
 Spellcasting Skills
   attack spells      [Unskilled]
   healing spells     [Unskilled]
   clerical spells    [Unskilled]

Voluntary challenges:
 Character rerolling was not enabled.
 You never genocided any monsters.
 You never polymorphed an object.
 You never changed form.
 You used no wishes.
Achievements:
 You entered a shop.
 You attained the rank of Esquire.
 You entered the Gnomish Mines.
 You attained the rank of Bachelor.

 The Dungeons of Doom: levels 1 to 7
    Level 1:
       A fountain.
    Level 2:
       A potion shop.
    Level 3:
    Level 4:
       A general store.
       Stairs down to The Gnomish Mines.
    Level 5:
    Level 6:
       Many fountains.
    Level 7: <- You were here.
       Some fountains.
       Final resting place for
          you, killed by a blue jelly.
 The Gnomish Mines:
    Level 5:


Vanquished creatures:
  4 small mimics
  a dingo
  2 gnome mummies
  a human zombie
  a pony
  a shrieker
  a violet fungus
  a red naga hatchling
  a kobold leader
  a kobold shaman
  2 centipedes
 an orc zombie
 an iguana
 an acid blob
  2 manes
  2 hobgoblins
  2 giant rats
  2 green molds
  5 geckos
  a jackal
  2 foxes
  a kobold
  a goblin
  2 sewer rats
  4 grid bugs
  5 lichens
  3 kobold zombies
  5 newts
56 creatures vanquished.

No species were genocided or became extinct.

Game over:
                       ----------
                      /          \
                     /    REST    \
                    /      IN      \
                   /     PEACE      \
                  /                  \
                  |    Drastanta     |
                  |      32 Au       |
                  | killed by a blue |
                  |      jelly       |
                  |                  |
                  |                  |
                  |       2026       |
                 *|     *  *  *      | *
        _________)/\\_//(\/(/\)/\//\/|_)_______

Fare thee well Drastanta the Knight...

You died in The Dungeons of Doom on dungeon level 7 with 1791 points,
and 32 pieces of gold, after 3323 moves.
You were level 6 with a maximum of 50 hit points when you died.

